 Dungeon Crawl Stone Soup version 0.19-a0-1292-g796ee4d (webtiles) character file.

785 Cath the Conjurer (level 7, -5/46 HPs)
             Began as a Mummy Wizard on Aug 30, 2016.
             Was an Initiate of Sif Muna.
             Slain by an ogre
             ... wielding a +0 giant spiked club
              (20 damage)
             ... on level 6 of the Dungeon.
             The game lasted 00:25:16 (6600 turns).

Cath the Conjurer (Mummy Wizard)                    Turns: 6600, Time: 00:25:17

Health: -5/46      AC:  5    Str: 10    XL:     7   Next: 56%
Magic:  12/14      EV: 11    Int: 20    God:    Sif Muna [......]
Gold:   217        SH:  3    Dex: 10    Spells: 4 memorised, 8 levels left

rFire  x . .     SeeInvis .     e - +4 hand axe (freeze)
rCold  + . .     Gourm    .     a - +1 robe
rNeg   + + +     Faith    .     z - +0 buckler
rPois  ∞         Spirit   .     b - +0 hat
rElec  .         Dismiss  .     h - +0 cloak
rCorr  .         Reflect  .     (no gloves)
MR     .....     Harm     .     i - +0 pair of boots
Stlth  ++........               (no amulet)
                                (no ring)
                                (no ring)

@: no status effects
A: no food or potions, fire vulnerability, cold resistance 1, negative energy
resistance 3, torment resistance, unbreathing
a: Renounce Religion


You were on level 6 of the Dungeon.
You worshipped Sif Muna.
Sif Muna was noncommittal.
You were not hungry.

You visited 2 branches of the dungeon, and saw 7 of its levels.

You collected 217 gold pieces.

Inventory:

Hand Weapons
 e - a +4 hand axe of freezing (weapon)
 v - a +0 trident
Missiles
 l - a throwing net (quivered)
Armour
 a - a +1 robe (worn)
 b - a +0 hat (worn)
 h - a +0 cloak (worn)
 i - a +0 pair of boots (worn)
 z - a +0 buckler (worn)
Magical Staves
 D - an uncursed staff of poison
Jewellery
 o - an uncursed amulet of dismissal
 C - a +5 ring of intelligence {unknown}
Wands
 d - a wand of iceblast (6/15)
 n - a wand of flame (20/48)
 u - a wand of polymorph (8/24)
 w - a wand of random effects (23/48)
 x - a wand of slowing (11/48)
 A - a wand of polymorph (12/24)
 B - a wand of disintegration (10/24)
 E - a wand of iceblast (6/15)
Scrolls
 f - 2 scrolls of enchant weapon
 g - a scroll of random uselessness
 j - 2 scrolls of enchant armour
 k - 2 scrolls of blinking
 m - a scroll of identify
 p - 2 scrolls of magic mapping {unknown}
 q - 2 scrolls of teleportation {unknown}
 r - 2 scrolls of amnesia {unknown}
 t - a scroll of fear {unknown}
 y - a scroll of fog {unknown}
Books
 c - a book of Minor Magic

   Spells                             Type                      Level
   a - Magic Dart                     Conjuration                  1
   b - Blink                          Translocation                2
   c - Call Imp                       Summoning                    2
   d - Repel Missiles                 Charms/Air                   2
   e - Slow                           Hexes                        2
   f - Conjure Flame                  Conjuration/Fire             3
   g - Mephitic Cloud                 Conjuration/Poison/Air       3
 s - a book of Changes

   Spells                             Type                      Level
   a - Beastly Appendage              Transmutation                1
   b - Sticks to Snakes               Transmutation                2
   c - Spider Form                    Transmutation/Poison         3
   d - Ice Form                       Ice/Transmutation            4
   e - Blade Hands                    Transmutation                5


   Skills:
 - Level 1.5 Dodging
 - Level 1.5 Stealth
 + Level 5.0 Spellcasting
 * Level 5.1 Conjurations
 - Level 3.0 Summonings
 - Level 0.7 Translocations


You had 8 spell levels left.
You knew the following spells:

 Your Spells              Type           Power        Failure   Level  Hunger
a - Magic Dart            Conj           ####         2%          1    N/A
b - Call Imp              Summ           ###.....     12%         2    N/A
c - Blink                 Tloc           N/A          28%         2    N/A
d - Conjure Flame         Conj/Fire      ###.....     24%         3    N/A

Dungeon Overview and Level Annotations

Branches:
Dungeon (6/15)             Temple (1/1) D:5

Altars:
Ashenzari
Cheibriados
Dithmenos
Elyvilon
Fedhas
Gozag
Hepliaklqana
Kikubaaqudgha
Nemelex Xobeh
Okawaru
Qazlal
Ru
Sif Muna
Trog
Uskayaw
Vehumet
Xom
Yredelemnul
Zin

Shops:
D:5 =


Innate Abilities, Weirdness & Mutations

You do not eat or drink.
Your flesh is vulnerable to fire.
You are immune to poison.
Your flesh is cold resistant. (rC+)
You are immune to negative energy. (rN+++)
You are immune to unholy pain and torment.
You can survive without breathing.


Message History

The ogre barely misses you.
The giant frog hits you but does no damage.
You closely miss the giant frog.
The giant frog is almost dead.
You hit the ogre. You freeze the ogre.
The giant frog is no longer moving slowly.
The giant frog hits you but does no damage.
The ogre hits you with a giant spiked club!!
The giant frog closely misses you.
The giant frog hits you but does no damage.
The giant frog hits you but does no damage.
The giant frog hits you. The giant frog completely misses you.
The giant frog closely misses you.
The giant frog hits you but does no damage.
Casting: Magic Dart
Confirm with . or Enter, or press ? or * to list all spells.
A beastly little devil appears in a puff of frigid air.
The giant frog closely misses you.
The ogre hits you with a giant spiked club!!
You die...

#...............#..#
#.
#...............#..#
#. ##.####.###..####
#####. #
###.###..######
#....#
.........#....#
#....5
...(.....#....#
#....#
.........#....#
#....#
.......5.'....#
######
........@#....#
##+####.OF######
#.....#...########
#.....'..........#
#$....#..........+
#...)...#'####.###
#########..# #
#..........
#....$....r


You could see an ogre, a giant frog and a friendly white imp.

Vanquished Creatures
  A giant frog (D:6)
  2 crimson imps (D:5)
  A giant frog zombie (D:5)
  A hound (D:4)
  5 orc wizards
  Jessica (D:3)
  An iguana (D:5)
  3 worker ants
  A hound skeleton (D:5)
  4 gnolls (D:5)
  11 adders
  An ooze (D:1)
  An adder skeleton (D:4)
  A worm (D:4)
  2 dart slugs
  3 giant geckos
  12 orcs
  2 ball pythons (D:1)
  A giant cockroach (D:4)
  7 goblins
  4 hobgoblins
  10 jackals
  6 kobolds
  2 quokkas
  A ball python skeleton (D:4)
  13 bats
  2 giant newts
  6 rats
105 creatures vanquished.

Vanquished Creatures (collateral kills)
  A phantom (D:6)
  Terence (D:3)
2 creatures vanquished.

Grand Total: 107 creatures vanquished

Notes
Turn   | Place    | Note
-------+----------+-------------------------------------------
     0 | D:1      | Cath the Mummy Wizard began the quest for the Orb.
     0 | D:1      | Reached XP level 1. HP: 13/13 MP: 4/4
     3 | D:1      | Reached skill level 1 in Conjurations
    64 | D:1      | Found an iron altar of Okawaru.
   226 | D:1      | Reached XP level 2. HP: 16/19 MP: 3/6
   278 | D:1      | Learned a level 2 spell: Call Imp
   659 | D:1      | Reached skill level 1 in Summonings
  1164 | D:2      | Reached XP level 3. HP: 24/24 MP: 4/7
  1976 | D:2      | Learned a level 2 spell: Blink
  1980 | D:2      | Learned a level 3 spell: Conjure Flame
  2246 | D:3      | Found a hazy altar of Hepliaklqana.
  2253 | D:3      | Reached XP level 4. HP: 30/30 MP: 4/9
  2490 | D:3      | Found an ancient bone altar of Kikubaaqudgha.
  2607 | D:3      | Noticed Jessica
  2614 | D:3      | Killed Jessica
  2705 | D:3      | Reached XP level 5. HP: 33/35 MP: 10/10
  2738 | D:3      | Noticed Terence
  3043 | D:3      | Killed Terence
  4004 | D:4      | Reached XP level 6. HP: 40/41 MP: 12/12
  4122 | D:4      | Found a blossoming altar of Fedhas.
  4514 | D:5      | Entered Level 5 of the Dungeon
  4857 | D:5      | Noticed an ice beast
  5257 | D:5      | Reached XP level 7. HP: 46/46 MP: 4/13
  5359 | D:5      | Found Zevoitidgh's Jewellery Boutique.
  5514 | D:5      | Found a staircase to the Ecumenical Temple.
  5524 | Temple   | Entered the Ecumenical Temple
  6221 | D:5      | Found a deep blue altar of Sif Muna.
  6229 | D:5      | Became a worshipper of Sif Muna the Loreminder
  6421 | D:6      | Reached skill level 5 in Spellcasting
  6421 | D:6      | Reached skill level 5 in Conjurations
  6541 | D:6      | Found a shattered altar of Ashenzari.
  6600 | D:6      | Slain by an ogre

Vault maps used:
D:1:      dpeg_arrival_tiny_c, okawaru_ov_weapons_minmay
D:3:      lemuel_coloured_pillars_altar, nicolae_overflow_hidden_temple,
          uniq_grinder, uniq_jessica, uniq_terence
D:4:      fedhas_altar_2
D:5:      serial_shops, nicolae_shop_waterfront, first_bread, tgw_sif
D:6:      lemuel_crystal_altar, minmay_misc_feat_room
Temple:   jpeg_temple_clearing

Skill      XL: |  1  2  3  4  5  6  7 |
---------------+----------------------+-----
Conjurations   | 1 2 3 4 5 |  5.1
Summonings     | 1 2 3 |  3.0
Spellcasting   | 4 5 |  5.0
Dodging        | |  1.5
Stealth        | |  1.5
Translocations | |  0.7

Action                   |  1- 3 |  4- 6 |  7- 9 || total
-------------------------+-------+-------+-------++-------
Melee: Spear             |     6 |       |       ||     6
       Unarmed           |     6 |       |       ||     6
       Hand axe          |    34 |   106 |    31 ||   171
 Cast: Magic Dart        |    72 |   107 |    40 ||   219
       Call Imp          |       |    12 |     6 ||    18
       Conjure Flame     |       |     2 |       ||     2
  Use: Scroll            |       |     6 |       ||     6
Armor: Robe              |    17 |    27 |    16 ||    60
Dodge: Dodged            |    48 |    78 |    22 ||   148
Block: Buckler           |       |       |     3 ||     3
